 Dungeon Crawl Stone Soup version 0.31-a0-978-g1e14348 (webtiles) character file.

Game seed: 4148325735919527810

560 Unit6069 the Shooter (level 6, -2/47 HPs)
             Began as a Demigod Conjurer on Oct 30, 2023.
             Shot with an arrow by an orc warrior (12 damage)
             ... on level 5 of the Dungeon.
             The game lasted 00:05:57 (3313 turns).

Unit6069 the Shooter (Demigod Conjurer)             Turns: 3313, Time: 00:05:58

Health: -2/47      AC:  6    Str:  8    XL:     6   Next: 83%
Magic:  9/12       EV: 12    Int: 20    God:
Gold:   184        SH:  0    Dex: 20    Spells: 6/9 levels left

rFire   . . .        c - +0 arbalest
rCold   + . .        (shield currently unavailable)
rNeg    . . .        a - +0 robe
rPois   .            (no helmet)
rElec   .            (no cloak)
rCorr   .            f - +2 pair of gloves
SInv    +            k - +0 pair of boots
Will    .....        (no amulet)
Stlth   ++           j - ring of see invisible
HPRegen 0.27/turn    p - ring of protection from cold
MPRegen 0.13/turn

%: no passive effects
@: hasted, very quick
A: high MP 1, forlorn, divine attributes
a: no special abilities


You were on level 5 of the Dungeon.
You visited 1 branch of the dungeon, and saw 5 of its levels.

You collected 184 gold pieces.

Inventory:

Hand Weapons
 c - a +0 arbalest (weapon)
Armour
 a - a +0 robe (worn)
 f - a +2 pair of gloves (worn)
 k - a +0 pair of boots (worn)
Jewellery
 j - a ring of see invisible (left hand)
 p - a ring of protection from cold (right hand)
Scrolls
 e - 2 scrolls of enchant armour
 i - 2 scrolls of fog
 m - 2 scrolls of amnesia
Potions
 b - a potion of magic
 d - a potion of cancellation
 n - 2 potions of attraction


   Skills:
 - Level 1.0 Fighting
 * Level 6.4 Ranged Weapons
 - Level 1.7 Dodging
 - Level 1.7 Stealth
 - Level 2.0 Spellcasting
 - Level 3.8 Conjurations


You had 6 spell levels left.
You knew the following spells:

 Your Spells              Type           Power      Damage    Failure   Level
a - Magic Dart            Conj           68%        1d6       3%          1
b - Searing Ray           Conj           34%        2d5       4%          2

Your spell library contained the following spells:

 Spells                   Type           Power      Damage    Failure   Level
 Freeze                   Ice            8%         1d3       16%         1
 Dazzling Flash           Conj/Hex       18%        N/A       22%         3
 Hailstorm                Conj/Ice       9%         3d4       22%         3
 Cigotuvi's Dreadful Rot  Necr/Pois/Air  4%         N/A       24%         2
 Lesser Beckoning         Tloc           4%         N/A       24%         2
 Frozen Ramparts          Ice            4%         1d1       43%         3
 Gell's Gravitas          Tloc           2%         N/A       43%         3
 Ignite Poison            Fire/Tmut/Pois 2%         N/A       43%         3
 Teleport Other           Tloc           2%         N/A       43%         3
 Fulminant Prism          Conj/Hex       4%         3d5       56%         4
 Iskenderun's Mystic Bla  Conj/Tloc      9%         2d4       56%         4
 Dispel Undead            Necr           2%         3d7       83%         4
 Freezing Cloud           Conj/Ice/Air   3%         6-21      95%         5
 Death Channel            Necr           1%         N/A       100%        6


Dungeon Overview and Level Annotations

Branches:
Dungeon (5/15)             Temple (0/1) D:4

Shops:
D:3 *

Annotations:
D:2 1 runed translucent door, Crazy Yiuf


Innate Abilities, Weirdness & Mutations

You have an increased reservoir of magic. (+10% MP)
You shall have no god before yourself.
Your divine heritage dramatically boosts your attributes as you level up.


Message History

You kill the orc priest!
An orc wizard comes into view. It is wielding a +0 dagger.
The orc warrior shoots an arrow.
The arrow hits you!
Unknown command.
The searing ray hits the orc warrior but does no damage.
The orc warrior is lightly wounded.
The searing ray hits the orc wizard!
The orc wizard is severely wounded.
You finish channelling your searing ray.
The orc warrior shoots an arrow.
The arrow barely misses you.
An orc comes into view.
It is wielding a +2 hand axe of freezing.
Unknown command.
The orc moves out of view.
As you read the scroll labelled SAZXEH PIMP, it crumbles to dust.
You assume a fearsome visage.
Nothing appears to happen.
It was a scroll of fear.
As you read the scroll labelled GIUBRO OMUITOF, it crumbles to dust.
Your body is wracked with pain!
* * * LOW HITPOINT WARNING * * *
The orc warrior convulses!
It was a scroll of torment.
You feel better.
The orc warrior unwields a +0 orcbow.
The orc warrior wields a +0 long sword.
The orc warrior hits you with a +0 long sword!
* * * LOW HITPOINT WARNING * * *
You feel better. The orc warrior closely misses you.
You feel yourself speed up.
The orc wizard gestures wildly while chanting.
The orc wizard flickers and vanishes for a moment.
The orc warrior hits you with a +0 long sword!
* * * LOW HITPOINT WARNING * * *
You feel better.
Unknown command.
Unknown command.
The orc warrior unwields a +0 long sword.
The orc warrior wields a +0 orcbow.
The orc warrior shoots an arrow.
The arrow closely misses you.
The orc warrior shoots an arrow.
The arrow closely misses you.
The orc warrior shoots an arrow.
The arrow misses you.
The orc warrior shoots an arrow.
The arrow hits you!
You die...

........#.# #.#.#.#.
........#.# #.#.#.#.
........#.# #.#.#.#.
........#.#####.#.#.#)
#########.......#.#.#.
##########....(.###.#.#.
.......>.......)....#.#.
#######.##......#####.#.
#@##......##.@..#.
#.##......##.####.
#.##......##.####.
#.##......##..@...
#.################ #.#
#.# #o# #o#


You could see an orc warrior.

Vanquished Creatures
  Edmund (D:5)
  A gnoll bouda (D:4)
  2 orc priests (D:5)
  A hound (D:5)
  2 jellies (D:4)
  Jessica (D:2)
  An orc wizard (D:3)
  8 gnolls
  6 adders
  3 worms
  A dart slug (D:3)
  5 orcs
  5 endoplasms
  7 giant cockroaches
  4 goblins
  3 hobgoblins
  3 jackals (D:4)
  A quokka (D:4)
  9 ball pythons
  6 bats
  6 frilled lizards
  12 kobolds
  4 rats
92 creatures vanquished.

Notes
Turn   | Place    | Note
-------+----------+-------------------------------------------
     0 | D:1      | Unit6069 the Demigod Conjurer began the quest for the Orb.
     0 | D:1      | Reached XP level 1. HP: 14/14 MP: 5/5
   295 | D:1      | Reached XP level 2. HP: 22/22 MP: 7/7
   630 | D:2      | Reached skill level 1 in Ranged Weapons
   706 | D:2      | Reached XP level 3. HP: 27/27 MP: 8/8
   763 | D:2      | Reached skill level 1 in Fighting
   868 | D:2      | Reached skill level 2 in Ranged Weapons
   929 | D:2      | Noticed Jessica
   936 | D:2      | Killed Jessica
  1132 | D:2      | Found the +6 shillelagh "Devastator" {shatter}
  1139 | D:2      | Found a runed translucent door.
  1140 | D:2      | Noticed Crazy Yiuf
  1255 | D:3      | Reached XP level 4. HP: 35/35 MP: 9/9
  1263 | D:3      | Reached skill level 3 in Ranged Weapons
  1748 | D:3      | Found Zin's Purification Station.
  1785 | D:3      | Reached skill level 4 in Ranged Weapons
  1785 | D:3      | Reached XP level 5. HP: 38/40 MP: 10/10
  2285 | D:4      | Found a staircase to the Ecumenical Temple.
  2295 | D:4      | Reached skill level 5 in Ranged Weapons
  2770 | D:4      | Reached XP level 6. HP: 31/47 MP: 12/12
  3128 | D:4      | Learned a level 2 spell: Searing Ray
  3168 | D:5      | Entered Level 5 of the Dungeon
  3191 | D:5      | Noticed Edmund
  3242 | D:5      | Killed Edmund
  3243 | D:5      | Reached skill level 6 in Ranged Weapons
  3313 | D:5      | Shot with an arrow by an orc warrior

Illustrated notes

Levels and vault maps discovered:
D:1:      dpeg_arrival_stone_temple_mockup, layout_basic, minivault_25,
          serial_bayou_ford_a
D:2:      layout_basic, uniq_jessica, uniq_crazy_yiuf_cottage
D:3:      layout_rooms, zin_purify
D:4:      layout_layer_cave, nicolae_overflow_hidden_temple,
          minmay_temple_entry_waves
D:5:      layout_basic, mainiacjoe_ossuary_entry_dusty_tomb, uniq_edmund,
          uniq_sigmund

Skill      XL: |  1  2  3  4  5  6 |
---------------+-------------------+-----
Spellcasting   | 2 |  2.0
Ranged Weapons | 1 2 4 5 6 |  6.4
Fighting       | 1 |  1.0
Dodging        | |  1.7
Stealth        | |  1.7
Conjurations   | |  3.8

Action                     |  1- 3 |  4- 6 || total
---------------------------+-------+-------++-------
   Fire: Arbalest          |    84 |   130 ||   214
   Cast: Magic Dart        |    16 |    18 ||    34
         Searing Ray       |       |     1 ||     1
    Use: Scroll            |       |    10 ||    10
         Potion            |       |     6 ||     6
 Armour: Robe              |    25 |    58 ||    83
  Dodge: Dodged            |    42 |    51 ||    93

Table legend: (Time is in decaauts)
 A = Elapsed time spent in this place.
 B = Non-inter-level travel time spent in this place.
 C = Inter-level travel time spent in this place.
 D = Time resting spent in this place.
 E = Time spent auto-exploring this place.
 F = Levels seen in this place.
 G = Mean time per level.
                   A        B        C        D        E       F      G
               +--------+--------+--------+--------+--------+-----+--------+
         Total |   3454 |   3309 |    145 |    131 |   2465 |   5 |  690.8 |
       Dungeon |   3454 |   3309 |    145 |    131 |   2465 |   5 |  690.8 |
               +--------+--------+--------+--------+--------+-----+--------+

Top non-repeatable levels by time:
     D:4: 1231 daAuts
     D:3: 740 daAuts
     D:2: 735 daAuts
     D:1: 611 daAuts
     D:5: 134 daAuts
